 Dungeon Crawl Stone Soup version 0.20.1-1-g8b1a95d (webtiles) character file.

127246 Kagerus the Carver (level 17, -65/133 HPs)
             Began as a Human Fighter on July 28, 2017.
             Was the Champion of the Shining One.
             Killed by Shatter
             ... invoked by Jorgrun
              (90 damage)
             ... on level 2 of the Swamp on July 30, 2017.
             The game lasted 02:39:36 (41793 turns).

Kagerus the Carver (Human Fighter)                 Turns: 41793, Time: 02:39:37

Health: -65/133    AC: 32    Str: 27    XL:     17   Next: 55%
Magic:  22/22      EV:  2    Int: 19    God:    the Shining One [******]
Gold:   1808       SH:  0    Dex: 15    Spells: 16/16 levels left

rFire    + . .     SeeInvis .   m - +4 long sword (elec)
rCold    . . .     Gourm    .   c - +0 shield
rNeg     + + +     Faith    .   T - +8 plate armour of Classification {Int+10}
rPois    ∞         Spirit   .   Q - +0 helmet "Ydoamabo" {+Blink Str+4}
rElec    .         Reflect  +   o - +0 cloak of Hafriqot {rF+}
rCorr    .         Harm     .   i - +2 pair of gloves
MR       +....                  V - +0 pair of boots
Stlth    ..........             r - +3 amulet of reflection
Regen    0.4/turn               J - ring of poison resistance
MPRegen  0.2/turn               l - +2 ring of dexterity

@: petrified, glowing
A: low mp 1
a: Divine Shield, Cleansing Flame, Summon Divine Warrior, Brand Weapon With Holy
Wrath, Renounce Religion, Evoke Blink


You were on level 2 of the Swamp.
You worshipped the Shining One.
The Shining One was exalted by your worship.
You were very hungry.

You visited 6 branches of the dungeon, and saw 27 of its levels.

You collected 2754 gold pieces.
You spent 946 gold pieces at shops.

Inventory:

Hand Weapons
 m - a +4 long sword of electrocution (weapon)
 q - a +0 scimitar of flaming
Missiles
 G - 2 poisoned javelins (quivered)
Armour
 c - a +0 shield (worn)
 i - a +2 pair of gloves (worn)
 o - the +0 cloak of Hafriqot (worn) {rF+}
   (You bought it in a shop on level 6 of the Dungeon)

   It protects you from fire.
 Q - the +0 helmet "Ydoamabo" (worn) {+Blink Str+4}
   (You found it on level 6 of the Lair of Beasts)

   It affects your strength (+4).
   It lets you blink.
 T - the +8 plate armour of Classification (worn) {Int+10}
   (You found it on level 13 of the Dungeon)

   It affects your intelligence (+10).
 V - a +0 pair of boots (worn)
Jewellery
 l - a +2 ring of dexterity (right hand)
 r - a +3 amulet of reflection (around neck)
 J - a ring of poison resistance (left hand)
 W - an uncursed amulet of faith {unknown}
Wands
 j - a wand of flame (6/48)
 s - a wand of confusion (15/48)
 x - a wand of scattershot (4/9)
 y - a wand of iceblast (10/15)
 D - a wand of disintegration (9/24)
 I - a wand of polymorph (16/24)
 P - a wand of iceblast (7/15)
 U - a wand of lightning (10/15)
 X - a wand of iceblast (2/15)
Scrolls
 a - 11 scrolls of teleportation
 g - 8 scrolls of magic mapping
 n - 12 scrolls of remove curse
 t - 3 scrolls of enchant armour
 u - 2 scrolls of recharging
 v - a scroll of blinking
 M - a scroll of summoning {unknown}
 N - a scroll of fear
 S - 2 scrolls of identify
Potions
 d - 2 potions of might
 e - 2 potions of cancellation
 k - 3 potions of brilliance
 p - 3 potions of agility
 w - 4 potions of berserk rage
 z - 6 potions of lignification
 B - a potion of invisibility
 E - 4 potions of flight
 F - 4 potions of curing
 H - 2 potions of ambrosia
 O - 3 potions of heal wounds
 R - 7 potions of haste
Miscellaneous
 h - a lamp of fire
 C - a fan of gales
 K - a lightning rod (4/4)
Comestibles
 b - 4 meat rations
 f - 14 bread rations
 A - 33 royal jellies
 L - 15 fruits


   Skills:
 - Level 12.0 Fighting
 + Level 14.9 Long Blades
 + Level 14.1 Armour
 - Level 5.1 Dodging
 + Level 13.4 Shields
 - Level 10.5 Invocations
 - Level 8.0 Evocations


You had 16 spell levels left.
You didn't know any spells.

Dungeon Overview and Level Annotations

Branches:
Dungeon (15/15)            Temple (1/1) D:6            Lair (6/6) D:9
  Swamp (2/4) Lair:3       Spider (0/4) Lair:2        Slime (0/5) Lair:6
    Orc (2/2) D:12            Elf (0/3) Orc:2        Vaults (0/5) D:13
 Depths (1/5) D:15

Altars:
Ashenzari
Cheibriados
Dithmenos
Elyvilon
Fedhas
Gozag
Hepliaklqana
Kikubaaqudgha
Makhleb
Nemelex Xobeh
Okawaru
Qazlal
Ru
Sif Muna
Trog
Uskayaw
Vehumet
Xom
Yredelemnul
Zin
The Shining One
Jiyva

Shops:
D:6 %[   D:13 ??=[   Orc:2 ([*:!

Annotations:
D:3 2 transporters
Lair:2 exclusion: oklob plant
Swamp:2 Jorgrun


Innate Abilities, Weirdness & Mutations

Your magical capacity is low. (-10% MP)


Message History

A swamp worm comes into view.
Jorgrun casts a spell at you.
You are slowing down.
Jorgrun gestures at you while chanting. You resist with significant effort.
Your limbs are stiffening.
Jorgrun gestures at you while chanting.
Your limbs have turned to stone.
You have turned to stone.
Jorgrun mumbles some strange words.
The dungeon rumbles around Jorgrun!
The swamp worm dies!
You shudder from the earth-shattering force.
Ouch! That really hurt!
* * * LOW HITPOINT WARNING * * *
A door shatters!
Ka-crash!
Jorgrun mumbles some strange words.
The dungeon rumbles around Jorgrun!
You shudder from the earth-shattering force.
Ouch! That really hurt!
You die...

.....♣♣♣♣ .≈≈≈..≈..
≈..≈≈≈≈≈..<≈ ♣♣ ≈≈≈≈≈≈≈≈§...
≈♣♣♣♣♣ .≈≈≈≈≈≈≈≈≈.♣♣
♣♣♣♣♣♣♣♣♣.≈≈≈♣ .≈≈≈≈≈≈≈≈≈.
♣♣♣≈...≈..§≈≈≈.♣≈..>≈≈≈≈..♣.
♣...≈≈≈≈≈≈.≈≈≈[≈≈≈≈.≈≈≈≈.≈≈≈
♣....≈≈≈≈≈...@..g.♣♣..... ..
♣..<..≈≈≈......≈≈..........
♣≈...♣≈≈...≈≈≈≈≈≈≈..#.#
♣♣♣..≈♣♣≈.≈≈≈≈≈≈≈≈..#
♣♣.≈♣..≈≈≈...≈≈≈..#
♣♣♣♣≈.≈§.≈≈.≈≈≈....
♣♣♣.≈.♣≈..≈...≈..
♣.≈≈.........# .
♣.≈≈....≈....#


You could see Jorgrun.

Vanquished Creatures
  A tentacled monstrosity (Swamp:1)
  Rupert (Lair:6)
  Gastronok (Lair:1)
  An orc warlord (Orc:1)
  The ghost of ikselatri the Fighter, a journeyman MiBe of Trog (Lair:4)
  Snorg (D:9)
  Josephine (D:12)
  An ettin (D:15)
  The ghost of dion0 the Blocker, a journeyman GrFi of the Shining One (D:11)
  An ice dragon (Lair:6)
  10 hydras
  8 centaur warriors
  4 alligators (Swamp:1)
  A vault guard (D:13)
  An ogre mage (D:14)
  A catoblepas (D:14)
  A death knight (D:14)
  8 two-headed ogres
  2 tengu warriors
  A hell knight (D:15)
  3 orc high priests
  Sonja (Lair:1)
  Nergalle (D:12)
  5 skeletal warriors
  3 unseen horrors
  A deep elf archer (D:15)
  2 swamp dragons (Swamp:1)
  A phantasmal warrior (D:14)
  A wizard (D:13)
  4 deep elf magi
  An orb spider (Lair:2)
  2 lindwurms (Lair:6)
  12 ugly things
  A wolf spider zombie (D:15)
  3 manticores
  4 orc knights
  4 orc sorcerers
  7 cyclopes
  A salamander (shapeshifter) (D:15)
  5 torpor snails (Lair:6)
  Psyche (D:9)
  4 black mambas
  2 gargoyles
  11 spiny frogs
  An efreet (D:14)
  2 rime drakes
  10 komodo dragons
  4 centaur skeletons
  3 tengu conjurers
  5 kobold demonologists
  A yaktaur (shapeshifter) (D:15)
  7 meliai (D:14)
  12 polar bears
  4 trolls
  4 tyrant leeches
  8 blink frogs
  17 slime creatures
  A raiju (Lair:6)
  2 bog bodies (Swamp:1)
  8 hornets
  10 dream sheep
  13 hippogriffs
  A vampire (D:13)
  A wyvern (Lair:3)
  4 shadows
  34 yaks
  A spriggan (Lair:6)
  9 wraiths
  6 basilisks
  4 hungry ghosts
  7 vampire mosquitoes
  A basilisk (shapeshifter) (D:14)
  A golden eye (shapeshifter) (D:14)
  A steam dragon (D:10)
  Grum (D:9)
  Menkaure (D:7)
  9 insubstantial wisps (Swamp:1)
  2 swamp worms (Swamp:1)
  7 wargs
  3 acid dragons
  15 water moccasins
  10 porcupines
  Duvessa (D:7)
  14 hell hounds (Lair:6)
  31 orc warriors
  2 swamp drakes (Swamp:1)
  7 sky beasts
  2 ice beasts
  4 phantoms
  12 black bears
  An eye of draining (shapeshifter) (Depths:1)
  3 eyes of draining
  2 necrophages
  7 centaurs
  17 ogres
  38 wolves
  17 crocodiles
  8 big kobolds
  19 bullfrogs
  Dowan (D:7)
  5 earth elementals (D:14)
  A water moccasin zombie (D:5)
  4 scorpions
  4 howler monkeys
  2 electric eels (Lair:5)
  6 crimson imps
  4 centaur zombies
  3 quasits
  7 hounds
  23 orc priests
  13 jellies
  25 orc wizards
  4 bullfrog skeletons
  Ijyb (D:4)
  Natasha (thrice) (D:3)
  4 iguanas
  18 worker ants
  4 hound zombies
  A worker ant zombie (D:5)
  3 gnolls (D:5)
  A howler monkey skeleton (D:11)
  17 adders
  3 shadow imps
  19 oozes
  An adder zombie (D:5)
  An adder skeleton (D:7)
  3 worms
  3 dart slugs
  3 leopard geckos
  104 orcs
  4 giant cockroaches
  6 goblins
  3 hobgoblins
  7 jackals
  6 quokkas
  6 bats
  A jackal skeleton (D:4)
  39 kobolds
  A leopard gecko zombie (D:6)
  A quokka zombie (D:8)
  5 rats
  3 fungi (Lair:1)
  4 plants
919 creatures vanquished.

Vanquished Creatures (collateral kills)
  2 orc high priests
  An orc sorcerer (Orc:2)
  4 orc warriors (Orc:1)
  An ogre (Orc:1)
  2 orc priests (Orc:2)
  2 orc wizards (Orc:2)
  4 orcs (Orc:2)
16 creatures vanquished.

Vanquished Creatures (others)
  Joseph (D:10)
  A swamp worm (Swamp:2)
  A centaur (D:14)
  An orc wizard (D:12)
  An orc (D:12)
  33 fungi
  51 plants
89 creatures vanquished.

Grand Total: 1024 creatures vanquished

Notes
Turn   | Place    | Note
-------+----------+-------------------------------------------
     0 | D:1      | Kagerus the Human Fighter began the quest for the Orb.
     0 | D:1      | Reached XP level 1. HP: 18/18 MP: 1/1
   263 | D:1      | Reached XP level 2. HP: 21/24 MP: 2/2
   999 | D:2      | Reached XP level 3. HP: 15/29 MP: 3/3
  1301 | D:2      | Found a blossoming altar of Fedhas.
  1434 | D:2      | Reached XP level 4. HP: 35/35 MP: 4/4
  2182 | D:3      | Found a transporter.
  2229 | D:3      | Reached XP level 5. HP: 41/41 MP: 5/5
  2246 | D:3      | Found a transporter.
  2551 | D:2      | Reached skill level 5 in Long Blades
  3037 | D:4      | Reached XP level 6. HP: 39/47 MP: 6/6
  3646 | D:4      | Noticed Ijyb
  3671 | D:4      | Killed Ijyb
  3934 | D:4      | Noticed Natasha
  4005 | D:4      | Noticed a phantom
  4278 | D:3      | Killed Natasha
  4278 | D:3      | Reached XP level 7. HP: 50/52 MP: 7/7
  4470 | D:3      | Noticed Natasha
  4478 | D:3      | Killed Natasha
  4550 | D:3      | Noticed Natasha
  4554 | D:3      | Killed Natasha
  4887 | D:5      | Entered Level 5 of the Dungeon
  5326 | D:5      | Reached XP level 8. HP: 58/58 MP: 8/8
  5698 | D:5      | Reached skill level 5 in Armour
  5698 | D:5      | Reached skill level 5 in Shields
  5998 | D:6      | Found Fualucs's Food Boutique.
  6213 | D:6      | Found a staircase to the Ecumenical Temple.
  6252 | Temple   | Entered the Ecumenical Temple
  6259 | Temple   | Became a worshipper of the Shining One
  6650 | D:6      | Found an ancient bone altar of Kikubaaqudgha.
  6690 | D:6      | Reached XP level 9. HP: 42/63 MP: 9/9
  6832 | D:6      | Found Qicixumn's Armour Shop.
  6840 | D:6      | Bought the +0 cloak of Hafriqot {rF+} for 222 gold pieces
  6927 | D:6      | You fall through a shaft for 3 floors!
  6927 | D:9      | Found a staircase to the Lair.
  6927 | D:9      | Noticed a komodo dragon
  7643 | D:7      | Noticed Menkaure
  7643 | D:7      | Reached * piety under the Shining One
  7988 | D:8      | Reached skill level 5 in Fighting
  8968 | D:6      | Reached XP level 10. HP: 79/79 MP: 10/10
  9182 | D:7      | Noticed Duvessa
  9182 | D:7      | Noticed Dowan
  9186 | D:7      | Killed Duvessa
  9194 | D:7      | Killed Dowan
  9406 | D:7      | Killed Menkaure
 10137 | D:9      | Killed a komodo dragon
 10263 | D:9      | Reached ** piety under the Shining One
 10581 | D:10     | Entered Level 10 of the Dungeon
 10581 | D:10     | Noticed Nergalle
 10709 | D:10     | Noticed an unseen horror
 10733 | D:10     | Killed an unseen horror
 11110 | Lair:1   | Entered Level 1 of the Lair of Beasts
 11235 | Lair:1   | Noticed a spiny frog
 11242 | Lair:1   | Reached XP level 11. HP: 76/86 MP: 11/11
 11554 | Lair:1   | Noticed Grum
 11811 | D:9      | Killed Grum
 12127 | D:10     | Noticed Psyche
 12129 | D:10     | Noticed Joseph
 12150 | D:9      | Killed Psyche
 12182 | D:10     | Noticed Snorg
 12545 | D:9      | Killed Snorg
 12545 | D:9      | Reached skill level 10 in Long Blades
 13099 | D:10     | Killed Joseph
 13124 | D:10     | Found a shadowy altar of Dithmenos.
 13859 | D:10     | Reached skill level 1 in Invocations
 14707 | Lair:1   | Noticed Sonja
 15248 | Lair:1   | Reached skill level 5 in Invocations
 15334 | Lair:1   | Reached XP level 12. HP: 60/92 MP: 16/16
 15351 | Lair:1   | HP: 4/92 [water moccasin (6)]
 15355 | Lair:1   | HP: 1/92 [water moccasin (2)]
 15867 | Lair:1   | Noticed Gastronok
 16259 | D:11     | Noticed dion0's ghost (journeyman GrFi)
 16281 | D:11     | Killed dion0's ghost
 16974 | D:11     | Noticed a two-headed ogre
 16991 | D:11     | Killed a two-headed ogre
 17057 | D:11     | Reached *** piety under the Shining One
 17687 | D:11     | Got a pitted long sword
 17688 | D:11     | Identified the +8 long sword of Ixyj {pain, +Fly Int+4 Stlth+} (You found it on level 11 of the Dungeon)
 18597 | Lair:1   | Killed Gastronok
 18597 | Lair:1   | Reached skill level 10 in Armour
 18791 | Lair:1   | Reached skill level 10 in Shields
 19441 | Lair:1   | Killed Sonja
 19486 | Lair:2   | Noticed a six-headed hydra
 19886 | Lair:2   | Reached XP level 13. HP: 50/98 MP: 17/17
 20541 | Lair:1   | Identified a scroll of acquirement
 20807 | Lair:2   | Found a hole to the Spider Nest.
 20919 | Lair:2   | Killed a six-headed hydra
 22105 | Lair:3   | Found a staircase to the Swamp.
 22349 | Lair:3   | Got an encrusted mace
 22350 | Lair:3   | Identified the +9 mace of the Foremost Deaths {crush, +Blink rPois Str+4 Dex-4} (You found it on level 3 of the Lair of Beasts)
 23101 | Lair:4   | Noticed an eight-headed hydra
 23197 | Lair:4   | Killed an eight-headed hydra
 23648 | Lair:4   | Noticed ikselatri's ghost (journeyman MiBe)
 23699 | Lair:4   | Killed ikselatri's ghost
 23791 | Lair:4   | Got a citrine-encrusted ring mail
 23802 | Lair:4   | Identified the +1 ring mail "Qoitoh" {rPois rN+ Regen+} (You found it on level 4 of the Lair of Beasts)
 24168 | Lair:5   | Noticed a four-headed hydra
 24430 | Lair:5   | Noticed a seven-headed hydra
 25113 | Lair:5   | Killed a four-headed hydra
 25514 | Lair:5   | Noticed a six-headed hydra
 25527 | Lair:5   | Reached XP level 14. HP: 102/105 MP: 18/18
 26048 | Lair:3   | Reached skill level 1 in Evocations
 27418 | Lair:6   | Entered Level 6 of the Lair of Beasts
 27433 | Lair:6   | Found a viscous altar of Jiyva.
 27433 | Lair:6   | Found a staircase to the Slime Pits.
 27573 | Lair:6   | Reached skill level 5 in Evocations
 28268 | Lair:6   | Noticed Rupert
 28355 | Lair:6   | Killed Rupert
 28689 | Lair:6   | Reached **** piety under the Shining One
 29004 | Lair:6   | Got a brightly glowing helmet
 29099 | Lair:6   | Identified the +0 helmet "Ydoamabo" {+Blink Str+4} (You found it on level 6 of the Lair of Beasts)
 29273 | Lair:6   | Reached ***** piety under the Shining One
 29513 | Lair:6   | Reached XP level 15. HP: 72/110 MP: 22/22
 29859 | Lair:6   | Reached skill level 10 in Invocations
 29876 | Lair:6   | Found a runed door.
 30523 | D:11     | Got a distressingly furry chain mail
 30534 | D:11     | Identified the cursed +0 chain mail of Morality {*Contam MR++ Str+6} (You took it off a kobold on level 11 of the Dungeon)
 30771 | D:12     | Reached skill level 1 in Dodging
 30829 | D:12     | Found a staircase to the Orcish Mines.
 30934 | D:12     | Killed Nergalle
 31079 | D:12     | Noticed Josephine
 31095 | D:12     | Killed Josephine
 31271 | D:12     | Found a blossoming altar of Fedhas.
 31585 | Orc:1    | Entered Level 1 of the Orcish Mines
 31744 | Orc:2    | Entered Level 2 of the Orcish Mines
 31744 | Orc:2    | Found Ucwas's Distillery.
 31846 | Orc:2    | Noticed an orc warlord
 32154 | Orc:1    | Killed an orc warlord
 32470 | Orc:2    | Reached skill level 5 in Dodging
 32489 | Orc:2    | Found a staircase to the Elven Halls.
 34081 | Orc:2    | Bought 2 potions of heal wounds for 140 gold pieces
 34158 | Orc:2    | Found Riulojosch's General Store.
 34159 | Orc:2    | Found Teozyete's Book Shop.
 34162 | Orc:2    | Found Fiawiobb's Antique Armour Shop.
 34162 | Orc:2    | Found Ebulel's Antique Weapon Boutique.
 34490 | D:13     | Identified Udytoit's Compendium of Plaster Cramp
 34627 | D:13     | Found Kirchekep's Antique Armour Shop.
 34656 | D:13     | Identified Sif Muna's Grimoire of Combed Thunderclap
 34663 | D:13     | Identified Ts'ui Pên's Tome of Forking Paths
 34712 | D:13     | Got a dazzling plate armour
 34806 | Orc:2    | Bought a potion of cancellation for 112 gold pieces
 34812 | Orc:2    | Gained mutation: Your magical capacity is low. (-10% MP) [mutagenic glow]
 34922 | Orc:2    | Identified the +8 plate armour of Classification {Int+10} (You found it on level 13 of the Dungeon)
 35140 | D:13     | Found Ecoaraim's Jewellery Shoppe.
 35145 | D:13     | Bought a +3 amulet of reflection for 298 gold pieces
 35153 | D:13     | Found Koiffub's Magic Scroll Shoppe.
 35183 | D:13     | Bought a scroll of identify for 24 gold pieces
 35183 | D:13     | Bought a scroll of identify for 24 gold pieces
 35183 | D:13     | Bought a scroll of identify for 24 gold pieces
 35183 | D:13     | Bought a scroll of identify for 24 gold pieces
 35319 | D:13     | Found a gate to the Vaults.
 35702 | D:13     | Reached XP level 16. HP: 107/118 MP: 21/21
 35781 | D:13     | Got a smoking scale mail
 35792 | D:13     | Identified the +2 scale mail "Jiruph" {Str+4 Dex+5 Stlth-} (You found it on level 13 of the Dungeon)
 35829 | D:13     | Found Geashiopt's Magic Scroll Shop.
 35837 | D:13     | Bought a scroll of identify for 26 gold pieces
 35837 | D:13     | Bought a scroll of identify for 26 gold pieces
 35837 | D:13     | Bought a scroll of identify for 26 gold pieces
 36165 | D:13     | Found Fadghos's Magic Scroll Emporium.
 36481 | D:14     | Reached ****** piety under the Shining One
 36688 | D:14     | Reached skill level 10 in Fighting
 38744 | D:15     | Entered Level 15 of the Dungeon
 39355 | D:15     | Reached XP level 17. HP: 133/133 MP: 22/22
 39568 | D:15     | Found a staircase to the Depths.
 39832 | D:15     | Found a shimmering altar of Xom.
 39832 | D:15     | Found a shimmering altar of Xom.
 39832 | D:15     | Found a shimmering altar of Xom.
 39832 | D:15     | Found a shimmering altar of Xom.
 39900 | Depths:1 | Entered Level 1 of the Depths
 40157 | Swamp:1  | Entered Level 1 of the Swamp
 40354 | Swamp:1  | Noticed a tentacled monstrosity
 40375 | Swamp:1  | Killed a tentacled monstrosity
 41566 | Swamp:1  | Paralysed by an orc sorcerer for 4 turns
 41786 | Swamp:2  | Noticed Jorgrun
 41793 | Swamp:2  | Killed from afar by Jorgrun

Skill      XL: |  1  2  3  4  5  6  7  8  9 10 11 12 13 14 15 16 17 |
---------------+----------------------------------------------------+-----
Long Blades    | 3 4 5 7 9 10 12 14 | 14.9
Armour         | 4 6 7 8 9 10 11 12 13 14 | 14.1
Shields        | 4 6 7 8 10 11 12 13 | 13.4
Fighting       | 7 8 12 | 12.0
Invocations    | 6 9 10 | 10.5
Evocations     | 8 |  8.0
Dodging        | 5 |  5.1

Action                   |  1- 3 |  4- 6 |  7- 9 | 10-12 | 13-15 | 16-18 || total
-------------------------+-------+-------+-------+-------+-------+-------++-------
Melee: Long sword        |    91 |   226 |   382 |   632 |  1278 |   892 ||  3501
       Short sword       |       |       |       |       |   198 |    83 ||   281
       Mace              |       |       |       |       |     6 |       ||     6
       Scimitar          |       |       |       |       |       |    17 ||    17
 Fire: Blowgun           |       |       |       |    28 |       |       ||    28
Throw: Tomahawk          |       |     2 |       |     9 |     3 |       ||    14
       Javelin           |       |       |       |     3 |     8 |       ||    11
Invok: Divine Shield     |       |       |       |     6 |     7 |     1 ||    14
       Summon Divine War |       |       |       |       |     3 |       ||     3
 Abil: Evoke Blink       |       |       |       |       |     3 |       ||     3
Evoke: Wand              |       |     3 |     5 |    17 |     8 |       ||    33
       Lightning rod     |       |       |       |       |     4 |       ||     4
  Use: Scroll            |       |    15 |     1 |    13 |    14 |     4 ||    47
       Potion            |       |       |       |     6 |     3 |       ||     9
 Stab: Confused          |       |     1 |       |       |       |       ||     1
  Eat: Chunk             |     2 |     7 |    10 |    13 |    20 |     8 ||    60
       Meat ration       |       |     1 |       |     5 |     4 |       ||    10
       Fruit             |       |       |     3 |     4 |    12 |    14 ||    33
Armor: Scale mail        |    10 |       |       |       |       |       ||    10
       Chain mail        |    56 |   165 |   122 |       |   112 |       ||   455
       Plate armour      |       |       |    44 |   364 |   617 |   338 ||  1363
Dodge: Dodged            |    16 |    47 |    67 |   118 |   318 |   224 ||   790
Block: Shield            |    42 |   116 |   181 |   431 |   945 |   637 ||  2352
       Reflection        |       |       |       |       |     3 |    27 ||    30
       Rpst.: Long sword |     7 |    12 |    22 |    28 |    59 |    44 ||   172
